General information
- name: BNet
- type: Ladder team game (AT/RT)
- host: Battle.net
- saver: ltsChrisBaby
map: Deadlock
- players: 8
- length: 94:05
- speed: Fast
- version: 1.26 W3XP
- replay type: Public
» download(518 KB)
Players
team 1 (loser)
orcing2 (
teal | 33 APM | 3119 actions | 94:05)
8 Blademaster
3 Wind Walk
3 Critical Strike
1 Bladestorm
1 Mirror Image
» actions
| Assign group hotkey | 89 | |
| Basic commands | 54 | |
| Build / train | 81 | |
| ESC pressed | 3 | |
| Enter build submenu | 36 | |
| Enter hero's abilities submenu | 8 | |
| Give item / drop item | 4 | |
| Remove unit from queue | 1 | |
| Right click | 1853 | |
| Select / deselect | 498 | |
| Select group hotkey | 220 | |
| Use ability | 272 | |
3119 total
» units
| Peon | 26 | |
| Grunt | 4 | |
| Raider | 1 | |
| Wind Rider | 7 | |
| Kodo Beast | 1 | |
39 total
» upgrades
| Berserker Strength | 1 | |
| Ensnare | 1 | |
| Melee Weapons | 1 | |
| Envenomed Spears | 1 | |
| Reinforced Defenses | 1 | |
| Armor | 1 | |
| Shaman Training | 1 | |
7 total
» buildings
| Altar of Storms | 3 | |
| Orc Burrow | 9 | |
| Barracks | 1 | |
| Voodoo Lounge | 1 | |
| Stronghold | 2 | |
| War Mill | 3 | |
| Fortress | 1 | |
| Beastiary | 5 | |
| Great Hall | 2 | |
| Spirit Lodge | 1 | |
| Watch Tower | 6 | |
34 total
» build order
00:07 Altar of Storms
00:18 Orc Burrow
00:40 Barracks
01:37 Orc Burrow
02:05 Voodoo Lounge
03:09 Stronghold
04:35 War Mill
05:20 Orc Burrow
05:36 Fortress
05:38 Beastiary
05:40 Beastiary
07:50 Orc Burrow
08:04 Orc Burrow
08:08 Great Hall
08:35 Spirit Lodge
13:26 Watch Tower
13:33 Orc Burrow
13:47 Watch Tower
14:13 Watch Tower
14:16 Orc Burrow
14:22 Beastiary
16:22 Beastiary
16:23 Beastiary
17:26 Watch Tower
17:51 Watch Tower
18:06 Altar of Storms
18:09 Watch Tower
19:24 Orc Burrow
19:46 Altar of Storms
19:50 Orc Burrow
21:22 Great Hall
27:29 War Mill
27:34 War Mill
» items
| Healing Salve | 8 | |
| Lesser Clarity Potion | 5 | |
| Orb of Lightning | 1 | |
| Scroll of Speed | 1 | |
| Scroll of Town Portal | 1 | |
| Potion of Healing | 1 | |
| Potion of Lesser Invulnerability | 2 | |
| Boots of Speed | 1 | |
20 total

»
mattybatty (
purple | 90 APM | 8441 actions | 94:05)
7 Tauren Chieftain
3 War Stomp
3 Endurance Aura
1 Reincarnation
» actions
| Assign group hotkey | 52 | |
| Basic commands | 13 | |
| Build / train | 171 | |
| ESC pressed | 18 | |
| Enter build submenu | 56 | |
| Enter hero's abilities submenu | 7 | |
| Give item / drop item | 14 | |
| Remove unit from queue | 7 | |
| Right click | 5016 | |
| Select / deselect | 913 | |
| Select group hotkey | 1581 | |
| Use ability | 592 | |
8441 total
» units
| Peon | 24 | |
| Grunt | 9 | |
| Tauren | 12 | |
| Shaman | 14 | |
| Troll Witch Doctor | 7 | |
| Troll Batrider | 7 | |
73 total
» upgrades
| Berserker Strength | 1 | |
| Shaman Training | 2 | |
| Witch Doctor Training | 2 | |
| Reinforced Defenses | 1 | |
| Pulverize | 1 | |
7 total
» buildings
| Orc Burrow | 12 | |
| Altar of Storms | 2 | |
| Barracks | 1 | |
| War Mill | 2 | |
| Voodoo Lounge | 2 | |
| Stronghold | 9 | |
| Great Hall | 10 | |
| Watch Tower | 32 | |
| Spirit Lodge | 2 | |
| Fortress | 4 | |
| Tauren Totem | 2 | |
| Beastiary | 2 | |
80 total
» build order
00:10 Orc Burrow
00:20 Altar of Storms
01:19 Barracks
01:32 Orc Burrow
01:49 War Mill
02:59 Voodoo Lounge
03:14 Orc Burrow
04:04 Stronghold
04:04 Stronghold
04:04 Stronghold
06:22 Great Hall
06:24 Watch Tower
06:26 Watch Tower
06:27 Watch Tower
06:29 Watch Tower
06:51 Spirit Lodge
07:23 Fortress
07:23 Fortress
07:24 Fortress
07:58 Orc Burrow
08:22 Spirit Lodge
09:00 Watch Tower
09:34 Orc Burrow
09:38 Watch Tower
10:38 Watch Tower
11:18 Tauren Totem
12:01 Tauren Totem
12:15 Orc Burrow
14:48 Orc Burrow
15:29 Orc Burrow
15:38 Watch Tower
16:07 Orc Burrow
17:45 Watch Tower
17:45 Watch Tower
17:46 Watch Tower
17:47 Watch Tower
17:47 Watch Tower
17:49 Watch Tower
17:53 Watch Tower
17:54 Watch Tower
17:54 Watch Tower
17:55 Watch Tower
17:56 Watch Tower
17:56 Watch Tower
17:57 Watch Tower
18:59 Watch Tower
20:23 Watch Tower
20:24 Watch Tower
20:25 Watch Tower
20:25 Watch Tower
20:30 Watch Tower
20:54 Watch Tower
20:56 Watch Tower
21:46 Great Hall
25:09 Great Hall
25:30 Watch Tower
25:33 Watch Tower
25:36 Watch Tower
29:17 Great Hall
30:30 Orc Burrow
36:11 Great Hall
38:41 Great Hall
49:40 Great Hall
53:37 Great Hall
56:58 Great Hall
58:07 Great Hall
61:02 Stronghold
61:02 Stronghold
61:03 Stronghold
61:03 Stronghold
61:05 Orc Burrow
62:02 Altar of Storms
63:18 War Mill
63:24 Beastiary
63:27 Beastiary
64:14 Orc Burrow
64:41 Voodoo Lounge
» items
| Potion of Lesser Invulnerability | 8 | |
| Healing Salve | 2 | |
| Orb of Lightning | 1 | |
| Scroll of Town Portal | 21 | |
| Lesser Clarity Potion | 3 | |
| Potion of Healing | 3 | |
| Staff of Teleportation | 2 | |
| Potion of Invisibility | 5 | |
| Scroll of Regeneration | 3 | |
48 total
ltsChrisBaby (
pink | 62 APM | 5852 actions | 94:05)
6 Dark Ranger
3 Black Arrow
2 Life Drain
1 Charm
2 Shadow Hunter
1 Healing Wave
1 Hex
1 Paladin
1 Holy Light
» actions
| Assign group hotkey | 159 | |
| Basic commands | 160 | |
| Build / train | 361 | |
| ESC pressed | 17 | |
| Enter build submenu | 111 | |
| Enter hero's abilities submenu | 10 | |
| Give item / drop item | 25 | |
| Remove unit from queue | 2 | |
| Right click | 2368 | |
| Select / deselect | 788 | |
| Select group hotkey | 1438 | |
| Use ability | 413 | |
5852 total
» units
| Peasant | 35 | |
| Footman | 6 | |
| Sorceress | 4 | |
| Mortar Team | 17 | |
| Gryphon Rider | 1 | |
| Dragonhawk Rider | 3 | |
| Peon | 1 | |
| Wind Rider | 1 | |
68 total
» upgrades
| Masonry | 3 | |
| Swords | 1 | |
| Gunpowder | 3 | |
| Lumber Harvesting | 2 | |
| Sorceress Training | 2 | |
| Defend | 1 | |
| Armor | 6 | |
| Fragmentation Shards | 1 | |
| Animal War Training | 1 | |
| Storm Hammers | 1 | |
| Cloud | 1 | |
| Spiked Barricades | 1 | |
| Reinforced Defenses | 2 | |
| Ranged Weapons | 3 | |
| Melee Weapons | 1 | |
29 total
» buildings
| Barracks | 2 | |
| Altar of Kings | 3 | |
| Farm | 12 | |
| Lumber Mill | 3 | |
| Arcane Vault | 2 | |
| Town Hall | 6 | |
| Keep | 15 | |
| Blacksmith | 1 | |
| Scout Tower | 68 | |
| Guard Tower | 109 | |
| Arcane Tower | 4 | |
| Castle | 7 | |
| Workshop | 5 | |
| Arcane Sanctum | 1 | |
| Gryphon Aviary | 4 | |
| Great Hall | 2 | |
| War Mill | 1 | |
| Altar of Storms | 1 | |
| Stronghold | 6 | |
| Watch Tower | 2 | |
| Fortress | 2 | |
| Beastiary | 2 | |
258 total
» build order
00:37 Barracks
00:39 Altar of Kings
00:48 Farm
01:05 Farm
01:42 Farm
02:07 Lumber Mill
02:14 Arcane Vault
02:22 Farm
04:08 Town Hall
05:29 Keep
05:29 Keep
05:29 Keep
05:35 Blacksmith
05:42 Scout Tower
05:44 Scout Tower
05:45 Scout Tower
05:47 Scout Tower
05:50 Scout Tower
05:54 Scout Tower
05:56 Scout Tower
05:59 Scout Tower
06:02 Scout Tower
06:13 Guard Tower
06:13 Guard Tower
06:13 Guard Tower
06:40 Guard Tower
06:40 Guard Tower
06:40 Guard Tower
06:40 Guard Tower
06:42 Arcane Tower
06:42 Arcane Tower
06:43 Arcane Tower
06:45 Guard Tower
06:45 Guard Tower
06:45 Guard Tower
06:46 Guard Tower
06:46 Guard Tower
06:47 Guard Tower
06:49 Guard Tower
06:52 Guard Tower
07:57 Castle
07:58 Castle
08:08 Workshop
08:10 Arcane Sanctum
08:53 Guard Tower
08:54 Guard Tower
08:54 Guard Tower
08:54 Guard Tower
09:01 Guard Tower
09:01 Guard Tower
10:32 Farm
10:36 Farm
10:39 Workshop
10:42 Workshop
11:13 Farm
13:43 Gryphon Aviary
13:44 Gryphon Aviary
15:20 Scout Tower
15:20 Scout Tower
15:21 Scout Tower
15:22 Scout Tower
15:22 Scout Tower
15:24 Scout Tower
15:28 Scout Tower
15:30 Scout Tower
16:30 Guard Tower
16:31 Guard Tower
16:31 Guard Tower
18:45 Town Hall
18:46 Scout Tower
18:47 Scout Tower
18:47 Scout Tower
18:48 Scout Tower
18:49 Scout Tower
18:49 Scout Tower
18:50 Scout Tower
18:50 Scout Tower
18:51 Scout Tower
18:52 Scout Tower
18:53 Scout Tower
18:54 Scout Tower
18:54 Scout Tower
18:55 Scout Tower
18:55 Scout Tower
19:09 Town Hall
19:31 Guard Tower
19:31 Guard Tower
20:29 Guard Tower
20:29 Guard Tower
20:29 Guard Tower
21:25 Guard Tower
21:25 Guard Tower
23:27 Keep
23:28 Keep
23:48 Lumber Mill
23:52 Scout Tower
23:57 Scout Tower
23:57 Scout Tower
24:00 Scout Tower
25:16 Guard Tower
25:16 Guard Tower
25:16 Guard Tower
26:13 Keep
26:14 Keep
26:14 Keep
26:16 Scout Tower
26:16 Scout Tower
26:17 Scout Tower
26:17 Scout Tower
26:18 Scout Tower
26:19 Scout Tower
26:23 Scout Tower
26:49 Guard Tower
26:50 Guard Tower
26:50 Guard Tower
26:51 Guard Tower
26:51 Guard Tower
26:51 Guard Tower
26:53 Scout Tower
26:55 Guard Tower
26:56 Guard Tower
26:56 Guard Tower
26:56 Guard Tower
26:56 Guard Tower
26:57 Guard Tower
27:24 Guard Tower
27:24 Guard Tower
27:25 Guard Tower
27:26 Guard Tower
27:27 Guard Tower
27:52 Keep
27:52 Keep
27:53 Keep
29:13 Altar of Kings
30:11 Altar of Kings
30:30 Lumber Mill
30:33 Scout Tower
30:34 Scout Tower
30:35 Scout Tower
30:36 Scout Tower
30:38 Scout Tower
31:07 Farm
31:08 Farm
31:10 Guard Tower
31:10 Guard Tower
31:11 Guard Tower
31:12 Guard Tower
31:12 Guard Tower
31:13 Farm
31:13 Farm
31:14 Farm
32:01 Arcane Vault
32:03 Castle
32:04 Castle
32:04 Castle
35:40 Workshop
35:42 Workshop
36:09 Town Hall
36:13 Scout Tower
36:14 Scout Tower
36:14 Scout Tower
36:15 Scout Tower
36:16 Scout Tower
36:18 Scout Tower
36:47 Guard Tower
36:47 Guard Tower
36:47 Guard Tower
37:42 Guard Tower
37:42 Guard Tower
38:42 Town Hall
38:46 Town Hall
39:42 Scout Tower
42:43 Gryphon Aviary
42:44 Gryphon Aviary
43:37 Scout Tower
43:42 Scout Tower
43:58 Scout Tower
44:04 Guard Tower
44:05 Guard Tower
44:08 Guard Tower
44:08 Guard Tower
44:08 Guard Tower
44:12 Scout Tower
44:14 Scout Tower
44:39 Guard Tower
44:39 Guard Tower
44:40 Guard Tower
44:42 Guard Tower
44:42 Guard Tower
49:36 Scout Tower
54:00 Great Hall
56:26 War Mill
56:40 Altar of Storms
57:01 Stronghold
57:01 Stronghold
57:44 Watch Tower
58:30 Barracks
58:55 Great Hall
59:04 Scout Tower
59:05 Scout Tower
59:06 Scout Tower
59:07 Scout Tower
59:10 Scout Tower
59:29 Fortress
59:29 Fortress
59:40 Guard Tower
59:40 Guard Tower
59:41 Guard Tower
59:41 Guard Tower
59:41 Guard Tower
59:42 Guard Tower
59:43 Guard Tower
59:44 Scout Tower
60:21 Guard Tower
60:21 Guard Tower
64:09 Beastiary
64:11 Beastiary
67:50 Watch Tower
72:47 Stronghold
72:47 Stronghold
72:48 Stronghold
» items
| Scroll of Regeneration | 15 | |
| Lesser Clarity Potion | 13 | |
| Mechanical Critter | 3 | |
| Scroll of Town Portal | 17 | |
| Ivory Tower | 3 | |
| Periapt of Vitality | 3 | |
| Potion of Lesser Invulnerability | 2 | |
| Staff of Teleportation | 3 | |
| Staff of Sanctuary | 4 | |
| Orb of Lightning | 1 | |
| Scroll of Healing | 2 | |
| Scroll of Protection | 2 | |
| Potion of Mana | 1 | |
| Boots of Speed | 2 | |
| Circlet of Nobility | 2 | |
73 total
THEPOUNDER.COM (
blue | 33 APM | 3096 actions | 94:02)
9 Blademaster
3 Wind Walk
3 Critical Strike
1 Bladestorm
2 Mirror Image
» actions
| Assign group hotkey | 31 | |
| Basic commands | 74 | |
| Build / train | 124 | |
| Enter build submenu | 76 | |
| Enter hero's abilities submenu | 9 | |
| Give item / drop item | 13 | |
| Remove unit from queue | 8 | |
| Right click | 1619 | |
| Select / deselect | 616 | |
| Select group hotkey | 210 | |
| Use ability | 316 | |
3096 total
» units
| Peon | 21 | |
| Troll Batrider | 33 | |
| Demolisher | 1 | |
| Spirit Walker | 1 | |
56 total
» upgrades
| Ranged Weapons | 3 | |
| Liquid Fire | 1 | |
| Reinforced Defenses | 1 | |
| Spiked Barricades | 3 | |
| Armor | 3 | |
| Burning Oil | 1 | |
| Spirit Walker Training | 2 | |
| Melee Weapons | 1 | |
| Shaman Training | 1 | |
| Witch Doctor Training | 1 | |
| Pillage | 1 | |
| Ensnare | 1 | |
| War Drums Damage Increase | 1 | |
| Envenomed Spears | 1 | |
| Berserker Upgrade | 1 | |
| Troll Regeneration | 1 | |
23 total
» buildings
| Altar of Storms | 1 | |
| Orc Burrow | 5 | |
| War Mill | 1 | |
| Voodoo Lounge | 1 | |
| Watch Tower | 54 | |
| Stronghold | 1 | |
| Beastiary | 3 | |
| Fortress | 1 | |
| Great Hall | 5 | |
| Barracks | 1 | |
| Spirit Lodge | 1 | |
74 total
» build order
00:08 Altar of Storms
00:25 Orc Burrow
01:04 War Mill
01:10 Voodoo Lounge
02:38 Watch Tower
02:39 Watch Tower
02:46 Orc Burrow
03:21 Stronghold
03:41 Watch Tower
04:42 Watch Tower
04:43 Watch Tower
05:19 Orc Burrow
05:28 Watch Tower
07:03 Beastiary
07:04 Beastiary
07:20 Watch Tower
07:21 Watch Tower
08:08 Orc Burrow
08:12 Fortress
10:25 Great Hall
11:58 Watch Tower
11:58 Watch Tower
11:59 Watch Tower
12:15 Watch Tower
13:16 Watch Tower
13:16 Watch Tower
13:18 Watch Tower
13:22 Watch Tower
14:30 Watch Tower
14:33 Watch Tower
14:51 Watch Tower
14:54 Watch Tower
15:00 Watch Tower
16:54 Watch Tower
16:58 Watch Tower
16:59 Watch Tower
17:05 Watch Tower
17:06 Watch Tower
18:07 Watch Tower
18:08 Watch Tower
18:24 Watch Tower
18:27 Watch Tower
18:30 Barracks
23:39 Great Hall
23:42 Watch Tower
23:42 Watch Tower
23:43 Watch Tower
23:43 Watch Tower
24:49 Watch Tower
24:50 Watch Tower
24:50 Watch Tower
24:52 Watch Tower
26:03 Beastiary
30:08 Great Hall
30:11 Watch Tower
31:26 Watch Tower
31:27 Watch Tower
31:27 Watch Tower
31:28 Watch Tower
32:28 Watch Tower
33:22 Watch Tower
33:25 Watch Tower
33:27 Watch Tower
33:31 Watch Tower
33:39 Great Hall
34:20 Orc Burrow
39:21 Spirit Lodge
39:27 Watch Tower
39:28 Watch Tower
39:28 Watch Tower
39:29 Watch Tower
39:31 Watch Tower
39:33 Watch Tower
58:47 Great Hall
» items
| Healing Salve | 4 | |
| Lesser Clarity Potion | 12 | |
| Scroll of Speed | 1 | |
| Circlet of Nobility | 3 | |
| Boots of Speed | 1 | |
| Staff of Teleportation | 2 | |
| Orb of Lightning | 1 | |
24 total
team 2 (winner)

»
Orange97 (
yellow | 140 APM | 7331 actions | 52:18)
8 Mountain King
3 Storm Bolt
3 Bash
1 Avatar
1 Thunder Clap
7 Paladin
3 Holy Light
1 Divine Shield
3 Devotion Aura
» actions
| Assign group hotkey | 53 | |
| Basic commands | 240 | |
| Build / train | 127 | |
| ESC pressed | 3 | |
| Enter build submenu | 44 | |
| Enter hero's abilities submenu | 15 | |
| Right click | 3228 | |
| Select / deselect | 876 | |
| Select group hotkey | 2496 | |
| Use ability | 247 | |
7331 total
» units
| Peasant | 27 | |
| Footman | 8 | |
| Dragonhawk Rider | 11 | |
| Gryphon Rider | 5 | |
| Flying Machine | 3 | |
54 total
» upgrades
| Masonry | 2 | |
| Defend | 1 | |
| Lumber Harvesting | 2 | |
| Armor | 3 | |
| Animal War Training | 1 | |
| Cloud | 1 | |
| Storm Hammers | 1 | |
| Swords | 2 | |
13 total
» buildings
| Altar of Kings | 2 | |
| Farm | 12 | |
| Barracks | 2 | |
| Scout Tower | 16 | |
| Arcane Tower | 4 | |
| Lumber Mill | 1 | |
| Town Hall | 3 | |
| Guard Tower | 9 | |
| Keep | 1 | |
| Arcane Vault | 2 | |
| Blacksmith | 1 | |
| Castle | 1 | |
| Gryphon Aviary | 3 | |
| Workshop | 1 | |
58 total
» build order
00:03 Altar of Kings
00:06 Altar of Kings
00:21 Farm
00:35 Barracks
00:48 Farm
01:31 Farm
01:46 Scout Tower
02:11 Farm
02:17 Arcane Tower
02:53 Farm
04:32 Lumber Mill
05:29 Town Hall
05:50 Scout Tower
06:06 Scout Tower
06:08 Scout Tower
06:18 Arcane Tower
06:19 Scout Tower
06:42 Guard Tower
07:12 Keep
07:55 Arcane Vault
07:56 Guard Tower
08:02 Guard Tower
08:19 Scout Tower
08:21 Arcane Vault
08:32 Blacksmith
09:00 Guard Tower
09:35 Castle
10:20 Scout Tower
10:28 Gryphon Aviary
10:29 Gryphon Aviary
10:30 Gryphon Aviary
10:34 Farm
10:35 Farm
10:37 Farm
10:38 Farm
10:40 Scout Tower
11:26 Guard Tower
11:34 Guard Tower
13:51 Scout Tower
13:52 Scout Tower
13:55 Guard Tower
14:11 Barracks
14:26 Guard Tower
14:30 Guard Tower
20:54 Farm
20:54 Farm
20:56 Farm
21:14 Scout Tower
24:38 Workshop
25:29 Scout Tower
27:29 Scout Tower
28:05 Arcane Tower
28:06 Scout Tower
28:36 Town Hall
39:18 Town Hall
39:22 Scout Tower
41:08 Arcane Tower
49:37 Scout Tower
» items
| Dust of Appearance | 1 | |
| Boots of Speed | 1 | |
| Scroll of Healing | 3 | |
| Potion of Lesser Invulnerability | 3 | |
| Lesser Clarity Potion | 6 | |
| Scroll of Regeneration | 4 | |
| Scroll of Town Portal | 3 | |
| Potion of Mana | 1 | |
| Ivory Tower | 4 | |
| Staff of Sanctuary | 1 | |
| Scroll of Protection | 1 | |
28 total
OoTNToO (
orange | 13 APM | 1201 actions | 94:05)
7 Mountain King
3 Storm Bolt
2 Bash
1 Avatar
1 Thunder Clap
» actions
| Basic commands | 6 | |
| Build / train | 83 | |
| Enter build submenu | 26 | |
| Enter hero's abilities submenu | 7 | |
| Remove unit from queue | 1 | |
| Right click | 625 | |
| Select / deselect | 378 | |
| Use ability | 75 | |
1201 total
» units
| Peasant | 31 | |
| Footman | 10 | |
| Rifleman | 14 | |
| Gryphon Rider | 4 | |
59 total
» upgrades
| Swords | 1 | |
| Plating | 1 | |
| Lumber Harvesting | 1 | |
| Gunpowder | 2 | |
| Long Rifles | 1 | |
6 total
» buildings
| Farm | 6 | |
| Altar of Kings | 1 | |
| Barracks | 2 | |
| Scout Tower | 5 | |
| Arcane Tower | 1 | |
| Blacksmith | 1 | |
| Lumber Mill | 2 | |
| Town Hall | 2 | |
| Keep | 1 | |
| Arcane Sanctum | 2 | |
| Guard Tower | 3 | |
| Gryphon Aviary | 1 | |
| Castle | 1 | |
| Arcane Vault | 1 | |
29 total
» build order
00:09 Farm
00:13 Altar of Kings
00:19 Barracks
00:49 Farm
01:34 Scout Tower
02:02 Farm
02:07 Arcane Tower
02:43 Farm
03:08 Blacksmith
03:34 Farm
03:39 Lumber Mill
04:33 Town Hall
05:25 Keep
06:59 Farm
08:20 Arcane Sanctum
09:06 Barracks
09:18 Scout Tower
10:42 Guard Tower
10:44 Scout Tower
11:18 Scout Tower
11:35 Gryphon Aviary
11:51 Guard Tower
12:24 Castle
13:12 Arcane Sanctum
13:39 Scout Tower
13:56 Arcane Vault
14:17 Guard Tower
20:53 Town Hall
21:04 Lumber Mill
» items
| Orb of Fire | 1 | |
| Potion of Healing | 1 | |
| Lesser Clarity Potion | 1 | |
3 total

»
BarDown (
green | 30 APM | 585 actions | 19:26)
3 Death Knight
1 Unholy Aura
2 Death Coil
» actions
| Assign group hotkey | 6 | |
| Basic commands | 2 | |
| Build / train | 38 | |
| Enter build submenu | 19 | |
| Enter hero's abilities submenu | 3 | |
| Right click | 265 | |
| Select / deselect | 223 | |
| Select group hotkey | 7 | |
| Use ability | 22 | |
585 total
» units
| Acolyte | 6 | |
| Ghoul | 5 | |
| Abomination | 8 | |
19 total
» upgrades
| Unholy Strength | 3 | |
| Unholy Armor | 3 | |
| Disease Cloud | 1 | |
7 total
» buildings
| Altar of Darkness | 1 | |
| Ziggurat | 9 | |
| Crypt | 1 | |
| Graveyard | 2 | |
| Halls of the Dead | 1 | |
| Slaughterhouse | 2 | |
| Black Citadel | 2 | |
| Nerubian Tower | 1 | |
| Spirit Tower | 4 | |
23 total
» build order
00:09 Altar of Darkness
00:11 Ziggurat
00:35 Crypt
01:07 Ziggurat
02:18 Graveyard
02:25 Graveyard
02:39 Ziggurat
03:11 Halls of the Dead
03:38 Ziggurat
03:58 Ziggurat
04:03 Ziggurat
05:07 Ziggurat
05:38 Slaughterhouse
05:42 Slaughterhouse
06:07 Black Citadel
06:47 Nerubian Tower
08:05 Black Citadel
08:13 Spirit Tower
08:14 Spirit Tower
08:16 Spirit Tower
08:43 Spirit Tower
13:49 Ziggurat
13:51 Ziggurat
EMMAWATSONUGLY (
red | 50 APM | 4683 actions | 94:05)
8 Blademaster
3 Wind Walk
3 Critical Strike
1 Bladestorm
1 Mirror Image
3 Shadow Hunter
2 Hex
1 Healing Wave
1 Paladin
1 Divine Shield
» actions
| Assign group hotkey | 93 | |
| Basic commands | 45 | |
| Build / train | 93 | |
| Enter build submenu | 29 | |
| Enter hero's abilities submenu | 13 | |
| Give item / drop item | 14 | |
| Remove unit from queue | 6 | |
| Right click | 2228 | |
| Select / deselect | 576 | |
| Select group hotkey | 1366 | |
| Use ability | 219 | |
4683 total
» units
| Peon | 22 | |
| Grunt | 3 | |
| Wind Rider | 10 | |
| Troll Batrider | 1 | |
| Demolisher | 5 | |
41 total
» upgrades
| Reinforced Defenses | 1 | |
| Ranged Weapons | 3 | |
| Armor | 2 | |
| Envenomed Spears | 2 | |
| Liquid Fire | 1 | |
| Burning Oil | 1 | |
| Ensnare | 1 | |
11 total
» buildings
| Altar of Storms | 1 | |
| Orc Burrow | 6 | |
| Barracks | 5 | |
| Stronghold | 2 | |
| Voodoo Lounge | 1 | |
| War Mill | 1 | |
| Great Hall | 2 | |
| Fortress | 2 | |
| Beastiary | 3 | |
| Watch Tower | 22 | |
45 total
» build order
00:07 Altar of Storms
00:21 Orc Burrow
00:37 Barracks
01:24 Orc Burrow
02:45 Stronghold
03:17 Voodoo Lounge
03:39 War Mill
03:54 Orc Burrow
04:31 Great Hall
05:32 Fortress
06:11 Beastiary
06:18 Beastiary
06:40 Orc Burrow
08:38 Watch Tower
08:38 Watch Tower
08:39 Watch Tower
10:20 Watch Tower
10:20 Watch Tower
10:21 Watch Tower
10:22 Watch Tower
10:36 Watch Tower
10:37 Watch Tower
11:25 Watch Tower
11:26 Watch Tower
13:18 Watch Tower
13:19 Watch Tower
13:20 Watch Tower
13:27 Watch Tower
14:09 Watch Tower
14:21 Beastiary
17:00 Watch Tower
17:00 Watch Tower
17:00 Watch Tower
17:02 Watch Tower
17:03 Watch Tower
17:03 Watch Tower
19:22 Orc Burrow
20:07 Great Hall
24:16 Orc Burrow
54:16 Barracks
54:22 Barracks
54:26 Barracks
55:52 Barracks
» items
| Healing Salve | 4 | |
| Scroll of Town Portal | 3 | |
| Staff of Teleportation | 1 | |
| Potion of Lesser Invulnerability | 2 | |
| Boots of Speed | 1 | |
| Tiny Great Hall | 1 | |
| Orb of Lightning | 1 | |
| Potion of Healing | 1 | |
| Potion of Mana | 1 | |
| Dust of Appearance | 1 | |
16 total
Chat log
(00:11 / Allies) mattybatty: get aa
(00:14 / All) EMMAWATSONUGLY: ya
(00:51 / All) EMMAWATSONUGLY: black star wars character wtf
(01:12 / All) EMMAWATSONUGLY: they made him a frontline soldier
(01:15 / All) EMMAWATSONUGLY: black
(01:16 / All) EMMAWATSONUGLY: get it
(08:16 / Allies) mattybatty: get aa
(08:27 / Allies) ltsChrisBaby: what makes u think we need aa
(08:31 / Allies) ltsChrisBaby: are you some kind of maphacker?
(08:36 / Allies) mattybatty: red has beastiary
(08:45 / Allies) ltsChrisBaby: you can get other kinds of unit from the bestiality
(09:04 / Allies) THEPOUNDER.COM: yea fuck u dad
(10:10 / Allies) mattybatty: get aa
(10:18 / All) ltsChrisBaby: the fuck was that orange?
(10:21 / All) ltsChrisBaby: 3 of ur units for a tp?
(12:22 / Allies) mattybatty: lubmer plz
(12:44 / Allies) ltsChrisBaby: ty for the lumber blue
(12:46 / Allies) ltsChrisBaby: much appreciated
(12:56 / Allies) THEPOUNDER.COM: i am gay
(13:33 / All) Orange97: fucking blind
(14:14 / Allies) mattybatty: lubmer plz
(15:38 / All) EMMAWATSONUGLY: roma victor
(17:14 / All) BarDown: bad team is bad
(17:17 / All) ltsChrisBaby: lawl
(17:22 / All) ltsChrisBaby: you were raped to death
(17:32 / All) ltsChrisBaby: I lost literally nothing demolishing your whole base
(17:40 / All) EMMAWATSONUGLY: how the fuck is teal 19-5 rt
(17:44 / All) ltsChrisBaby: lmao
(17:47 / All) BarDown: i got a girl pregnant
(17:55 / Allies) orcing2: some help?
(18:09 / Allies) mattybatty: i did a lot
(18:14 / Allies) mattybatty: where is the aa
(18:28 / Allies) ltsChrisBaby: blue has mass bats
(19:06 / Allies) mattybatty: lumber plz
(20:01 / All) EMMAWATSONUGLY: Fock didnt see
(20:05 / All) orcing2: lol ud making mass aboms
(20:09 / All) orcing2: wtf
(20:30 / Allies) ltsChrisBaby: wood me
(20:43 / Allies) mattybatty: wood me
(20:46 / Allies) ltsChrisBaby: wood me
(20:48 / Allies) ltsChrisBaby: I asked first
(21:02 / Allies) ltsChrisBaby: ty
(21:17 / Allies) orcing2: pink wtf
(21:26 / Allies) orcing2: we are wining
(21:30 / Allies) ltsChrisBaby: yeah
(21:40 / Allies) ltsChrisBaby: so I gave us a handicap
(21:44 / Allies) ltsChrisBaby: to make it more challenging
(21:47 / Allies) ltsChrisBaby: and halled purp
(22:38 / All) EMMAWATSONUGLY: bolt on skelly lol
(22:44 / Allies) ltsChrisBaby: I got cloud, purp
(23:37 / Allies) ltsChrisBaby: don't lure them to my expo asshole purp
(26:10 / All) orcing2: ouch
(26:12 / All) EMMAWATSONUGLY: mks imba
(26:28 / Allies) orcing2: pink
(26:31 / All) OoTNToO: lmso
(26:33 / Allies) orcing2: you fucked it up
(26:37 / Allies) ltsChrisBaby: you fucked it up
(26:39 / Allies) ltsChrisBaby: you fuck up
(26:41 / Allies) ltsChrisBaby: you have no base
(26:43 / Allies) ltsChrisBaby: fuck up
(26:46 / All) EMMAWATSONUGLY: i expected more out of u teal, u were up against aboms
(26:58 / Allies) orcing2: eyah casue they came 3v1
(27:03 / Allies) ltsChrisBaby: yeah and look who has no base
(27:04 / Allies) orcing2: and only tc helped
(27:04 / Allies) ltsChrisBaby: you
(27:05 / Allies) ltsChrisBaby: I have a base
(27:09 / Allies) ltsChrisBaby: you fuckup fuckup faggot fuckup
(27:10 / Allies) orcing2: and I do have a base
(27:16 / Allies) ltsChrisBaby: no
(27:19 / Allies) ltsChrisBaby: you won't
(27:20 / Allies) ltsChrisBaby: in a second
(27:55 / Allies) orcing2: man
(27:57 / Allies) orcing2: stop taurehns
(28:05 / Allies) orcing2: they only have air
(28:11 / Allies) ltsChrisBaby: now you have no base teal
(28:12 / Allies) orcing2: wow
(28:18 / Allies) ltsChrisBaby: yeah
(28:18 / Allies) orcing2: wtf is your problem
(28:19 / Allies) ltsChrisBaby: wow
(28:20 / Allies) ltsChrisBaby: is right
(28:36 / Allies) mattybatty: well i said to get aa at least
(28:38 / Allies) ltsChrisBaby: you said I fucked it up
(28:41 / Allies) ltsChrisBaby: I fuck you up teal
(28:55 / Allies) orcing2: oh so you are a butt hurt asshole?
(29:01 / Allies) ltsChrisBaby: your butt is hurt
(29:05 / Allies) ltsChrisBaby: I just fuck you
(29:12 / Allies) orcing2: you are a little cry baby who cant take criticizm
(29:19 / All) EMMAWATSONUGLY: thx blue
(29:24 / All) EMMAWATSONUGLY: tower worried me
(29:32 / All) THEPOUNDER.COM: just cleaning up some trash dont mind me
(29:40 / All) EMMAWATSONUGLY: i dunt like trash
(29:55 / All) THEPOUNDER.COM: its a real eyesore
(30:32 / All) orcing2: fucking pink playing against us
(30:46 / All) EMMAWATSONUGLY: dont spreads rumors
(30:46 / All) ltsChrisBaby: lol
(30:47 / All) EMMAWATSONUGLY: teal
(30:54 / All) EMMAWATSONUGLY: pink canceled out green
(30:57 / All) EMMAWATSONUGLY: he did his job
(30:59 / All) EMMAWATSONUGLY: eye for an eye
(31:17 / All) THEPOUNDER.COM: teal is mad cuz he hacks and we called him out on it lolol
(31:19 / All) EMMAWATSONUGLY: my name isnt orc
(31:20 / All) EMMAWATSONUGLY: its jake
(31:28 / All) EMMAWATSONUGLY: teal hacks LOL
(31:31 / All) EMMAWATSONUGLY: teal u nigger
(31:39 / All) orcing2: I do not
(31:44 / All) ltsChrisBaby: LOL
(31:46 / All) ltsChrisBaby: TEAL HACKS?
(31:48 / All) orcing2: how do I hack?
(31:48 / All) ltsChrisBaby: FUCKING NOOOOOOB
(31:49 / All) ltsChrisBaby: LOL
(31:51 / All) ltsChrisBaby: it's obvious
(31:52 / All) THEPOUNDER.COM: lmao
(31:52 / All) ltsChrisBaby: lol
(32:04 / All) EMMAWATSONUGLY: oj called me jake lol
(32:06 / All) ltsChrisBaby: hacker trash LMAO
(32:14 / All) orcing2: obvious LOL
(32:18 / All) orcing2: right
(32:21 / All) ltsChrisBaby: yeah
(32:21 / All) orcing2: except I dont
(32:22 / All) ltsChrisBaby: you are
(32:25 / All) ltsChrisBaby: an obvious hacker
(32:41 / All) ltsChrisBaby: u can deny it but it's ok to be honest with us
(32:46 / All) orcing2: I must be good to have ppl thinking that
(32:50 / All) orcing2: haha
(32:57 / All) THEPOUNDER.COM: its like a 15 year old game we wont judge lols
(33:06 / All) ltsChrisBaby: haha
(33:15 / All) EMMAWATSONUGLY: its full of hackers we wouldnt blame u teal,
(33:21 / All) ltsChrisBaby: ^^^^^
(33:23 / All) EMMAWATSONUGLY: however lying makes baby jesus cry
(33:34 / All) orcing2: why do you say I do?
(33:39 / All) orcing2: I am curious
(33:46 / All) EMMAWATSONUGLY: if pink and blue said u do, u do then.
(33:46 / All) orcing2: because I really don't
(34:03 / Allies) THEPOUNDER.COM: dam sun
(34:11 / Allies) ltsChrisBaby: wanted to charm a gryphon it didnt work out
(34:20 / All) EMMAWATSONUGLY: damn matty
(34:22 / All) EMMAWATSONUGLY: gtfo out my base
(34:28 / Allies) THEPOUNDER.COM: yea he be stun locking and shit
(34:48 / All) EMMAWATSONUGLY: ill let u keep a hero matty
(34:50 / All) EMMAWATSONUGLY: noting more
(34:59 / All) ltsChrisBaby: are we all on a first name basis here?
(35:19 / Allies) ltsChrisBaby: I need another base purp
(35:23 / Allies) ltsChrisBaby: sorry but this has to be done
(35:25 / Allies) ltsChrisBaby: getting low on gold
(35:45 / Allies) THEPOUNDER.COM: honestly purp it was rude of u to take that base without asking pink
(35:59 / All) Orange97: teal has 22k gold
(35:59 / Allies) ltsChrisBaby: yea
(36:00 / All) Orange97: lol
(36:07 / All) EMMAWATSONUGLY: red u mean
(36:09 / All) Orange97: and he's not willing to share
(36:25 / All) ltsChrisBaby: That'sd too bad for you isnt it
(36:29 / All) EMMAWATSONUGLY: plz dont insult me by calling me teal
(36:31 / All) EMMAWATSONUGLY: i dont hack
(36:46 / All) THEPOUNDER.COM: lmao
(37:12 / All) EMMAWATSONUGLY: incredible stomps purple
(37:37 / Allies) mattybatty: can i have some gold
(37:42 / Allies) mattybatty: pls
(37:43 / Allies) ltsChrisBaby: you can
(37:45 / All) EMMAWATSONUGLY: how much gold
(37:45 / Allies) ltsChrisBaby: but will you?
(37:55 / Allies) mattybatty: ty
(38:25 / All) ltsChrisBaby: took ur gryphon yellow
(39:29 / All) OoTNToO: yawn
(41:56 / Allies) orcing2: he has gyro wtf
(42:28 / Allies) orcing2: can I get some gold?
(42:30 / Allies) ltsChrisBaby: no
(42:31 / Allies) orcing2: need heals
(42:38 / Allies) mattybatty: i need gold pls thank you sir
(42:38 / All) OoTNToO: red playingwith his limp dick all game
(42:43 / All) OoTNToO: we could of won game an hour ago
(42:48 / All) ltsChrisBaby: could of
(42:52 / All) ltsChrisBaby: but you didn't did you?
(42:56 / All) THEPOUNDER.COM: red is totally nub lol
(42:56 / All) orcing2: I d trade red for pink yo
(42:58 / All) EMMAWATSONUGLY: u act like ive been useless
(43:08 / All) EMMAWATSONUGLY: i totally scared off purple's tauren with my aa
(43:45 / All) EMMAWATSONUGLY: another incredible stomp purp
(44:05 / Allies) orcing2: run
(44:38 / All) EMMAWATSONUGLY: teal's a smart lad
(44:41 / All) EMMAWATSONUGLY: going for that copter
(44:54 / Allies) THEPOUNDER.COM: dam teal u saved me C;
(44:59 / All) mattybatty: baby all i want for christmas is you
(45:14 / Allies) orcing2: pink no
(45:17 / Allies) orcing2: he has gyro
(45:20 / Allies) orcing2: you rard
(45:27 / Allies) ltsChrisBaby: I took a unit of his
(45:28 / Allies) ltsChrisBaby: you tard
(45:32 / Allies) mattybatty: can i have some gold
(45:34 / Allies) orcing2: and he killed it
(45:38 / Allies) ltsChrisBaby: yeah
(45:39 / Allies) orcing2: and you wasted tp gold
(45:40 / Allies) ltsChrisBaby: so all I lost was mana
(45:47 / Allies) ltsChrisBaby: well I have like 8k gold
(45:55 / Allies) ltsChrisBaby: pretty good exchange imo
(45:58 / Allies) ltsChrisBaby: since yellow has no gold
(46:01 / Allies) orcing2: you can just make mass tank and end it
(46:05 / Allies) ltsChrisBaby: I could
(46:11 / Allies) ltsChrisBaby: but I could also charm him to death
(46:12 / Allies) orcing2: insted of fucking around like a retard
(46:50 / Allies) ltsChrisBaby: didn't even use tp gold that time
(46:58 / Allies) mattybatty: gold plz
(47:07 / Allies) THEPOUNDER.COM: sick teamwork
(49:57 / All) ltsChrisBaby: stole your worker yellow!
(50:43 / All) EMMAWATSONUGLY: god i cant reach tels peon
(51:08 / All) ltsChrisBaby: yellow are you having as much fun as I am?
(51:16 / All) ltsChrisBaby: I'm taking all your units LOL
(51:34 / All) ltsChrisBaby: thanks, another hawk
(51:40 / All) ltsChrisBaby: can't get my dr!
(51:55 / All) EMMAWATSONUGLY: dr dies quick as hell to mk pally lawl
(52:09 / All) Orange97: have fun with our fucking useless teal
(52:16 / All) Orange97: oh wait, Plz call him Jake, lmfao
(52:20 / All) ltsChrisBaby: lol
(52:22 / All) EMMAWATSONUGLY: wtf lol
(52:26 / All) EMMAWATSONUGLY: tht made no sense
(52:26 / All) ltsChrisBaby: lmfao
(53:03 / All) ltsChrisBaby: one more for good measure
(53:27 / All) ltsChrisBaby: damn I have all these hawks now
(53:32 / All) ltsChrisBaby: I don't even want them, I just wanted to take them
(53:44 / All) ltsChrisBaby: time to get orc stuff I guess
(54:41 / Allies) orcing2: I am taking yout heal blue
(54:46 / Allies) orcing2: thx
(54:51 / Allies) THEPOUNDER.COM: wow rude
(55:01 / Allies) orcing2: well
(55:03 / Allies) THEPOUNDER.COM: nigga u got like 5 salves
(55:03 / Allies) orcing2: rough times
(55:09 / Allies) orcing2: and allied don't help me along
(55:32 / Allies) ltsChrisBaby: I help you along teal
(55:45 / All) orcing2: mass catas?
(57:34 / Allies) orcing2: blue can I have some gold plz?
(57:49 / Allies) THEPOUNDER.COM: no cuz ur a dirty jew thief
(57:55 / All) ltsChrisBaby: hmmm
(57:56 / All) ltsChrisBaby: guys
(57:58 / Allies) orcing2: lol
(57:59 / All) ltsChrisBaby: what orc hero should I get?
(58:12 / All) THEPOUNDER.COM: mass far sight
(58:13 / All) EMMAWATSONUGLY: shadow hunter
(58:18 / All) THEPOUNDER.COM: no cooldown
(58:19 / All) ltsChrisBaby: yea I was thinking sh too
(59:26 / All) EMMAWATSONUGLY: anyniggas have borderlands 2 here for pc
(59:28 / All) EMMAWATSONUGLY: considering it
(59:35 / All) ltsChrisBaby: I have it but it's not my thing
(59:36 / All) THEPOUNDER.COM: it aight
(59:37 / All) EMMAWATSONUGLY: diablo 3 also
(59:53 / Allies) orcing2: why don't you end this blue
(59:58 / Allies) orcing2: if I had your shit
(60:01 / Allies) ltsChrisBaby: you don't
(60:04 / Allies) orcing2: I d 1v4 this easy
(60:07 / Allies) THEPOUNDER.COM: i just dont thi8nk i can take them
(60:08 / Allies) orcing2: yeah
(60:14 / Allies) orcing2: cause pink killed me off
(60:15 / Allies) ltsChrisBaby: there is no way
(60:15 / All) EMMAWATSONUGLY: i would get it for ps3 but they dupe like crazy on consoles
(60:18 / Allies) ltsChrisBaby: that blue can take them
(60:35 / All) ltsChrisBaby: got my sh
(61:12 / Allies) orcing2: they are going for you next blue
(61:17 / Allies) orcing2: where is your army?
(61:25 / Allies) orcing2: oo
(61:34 / Allies) THEPOUNDER.COM: pacifist orcs
(61:36 / Allies) orcing2: u coming or what?
(61:37 / Allies) THEPOUNDER.COM: only trolls
(62:04 / All) ltsChrisBaby: humans and orc workers working side by side
(62:08 / All) ltsChrisBaby: it's like the end of the campaign
(62:13 / Allies) THEPOUNDER.COM: lol
(62:55 / All) EMMAWATSONUGLY: focking purple
(62:57 / All) EMMAWATSONUGLY: using meld
(63:19 / Allies) orcing2: you know blue has 20k gold and an army of bats don't you?
(63:35 / Allies) THEPOUNDER.COM: lol teal such a joker
(63:46 / All) ltsChrisBaby: I need XP for my sh
(63:49 / All) ltsChrisBaby: all the creeps are crept
(65:11 / Allies) orcing2: asshole
(65:13 / All) EMMAWATSONUGLY: bizatch
(65:16 / Allies) ltsChrisBaby: bitch
(65:24 / All) EMMAWATSONUGLY: peyton manning #1 brock #2
(65:31 / All) ltsChrisBaby: I think you owe me some SH xp for that
(65:32 / All) ltsChrisBaby: eh?
(65:32 / All) ltsChrisBaby: eh?
(65:52 / All) THEPOUNDER.COM: brock such a hunk tho
(66:06 / Allies) orcing2: pink why are you playing this game? You are so bad at it
(66:19 / Allies) ltsChrisBaby: dude
(66:19 / Allies) orcing2: all you are doing is backstabing allies
(66:24 / Allies) ltsChrisBaby: I have both orc and human races
(66:25 / All) EMMAWATSONUGLY: i would do brock
(66:26 / Allies) THEPOUNDER.COM: yeah pink LOL mega nub alert
(66:26 / Allies) ltsChrisBaby: I am winning wc3
(66:45 / All) EMMAWATSONUGLY: wehre u at matty ice
(66:46 / Allies) orcing2: yeah 0-1 so far
(66:49 / All) mattybatty: hehehe
(66:49 / Allies) orcing2: nice winning
(66:54 / Allies) ltsChrisBaby: thanks
(67:07 / All) ltsChrisBaby: almost halfway to level 2 sh
(67:14 / All) EMMAWATSONUGLY: lets make this a standoff?
(67:18 / All) EMMAWATSONUGLY: one ally is still here for me
(67:29 / Allies) orcing2: who killed my peon?
(67:35 / Allies) ltsChrisBaby: me
(67:37 / Allies) THEPOUNDER.COM: purple
(67:49 / Allies) THEPOUNDER.COM: pink don't lie for purple anymore its ok
(67:57 / Allies) orcing2: no purple has been helpfull
(68:01 / Allies) orcing2: unlike you two
(68:02 / Allies) ltsChrisBaby: I killed this peon
(68:04 / Allies) ltsChrisBaby: if you mean that one
(68:05 / Allies) orcing2: backstabbing trolls
(68:10 / Allies) ltsChrisBaby: I'm pro I have 2 races
(68:11 / Allies) ltsChrisBaby: get bent
(68:20 / All) ltsChrisBaby: I have neutral hero, orc hero, human hero on ladder
(68:28 / All) ltsChrisBaby: I am a beast
(68:53 / All) EMMAWATSONUGLY: i need a good zombie movie
(69:14 / All) ltsChrisBaby: standoff?
(69:20 / All) ltsChrisBaby: wow those gave shit xp
(69:52 / Allies) mattybatty: gold pz
(69:59 / All) EMMAWATSONUGLY: ya standofff
(70:13 / All) EMMAWATSONUGLY: teal really needs the loss tho he doesnt deserve to be 19-5
(70:17 / All) EMMAWATSONUGLY: plus he hax
(70:29 / All) orcing2: why is that?
(70:30 / All) THEPOUNDER.COM: very obvious hacker lol
(70:34 / All) orcing2: I plyed fine
(70:59 / All) orcing2: you re dumb thinking that
(71:09 / All) orcing2: I d 1v1 beat any one here
(71:11 / All) EMMAWATSONUGLY: im a lot of these, being dum is not one of them
(71:13 / All) orcing2: easy
(71:18 / All) THEPOUNDER.COM: ill 1v1 u
(71:19 / All) ltsChrisBaby: lol ok teal
(71:26 / All) ltsChrisBaby: showmatch you and blue?
(71:27 / All) ltsChrisBaby: I can host
(71:28 / All) EMMAWATSONUGLY: leave the game and we'll host
(71:36 / All) orcing2: sure
(71:38 / All) orcing2: lets go
(71:41 / All) ltsChrisBaby: lmao
(71:42 / All) EMMAWATSONUGLY: meet in channel nigger teal
(71:43 / All) ltsChrisBaby: okay
(71:45 / All) ltsChrisBaby: after this match'
(71:48 / All) EMMAWATSONUGLY: u gotta leave firsttho
(71:49 / All) ltsChrisBaby: meet in channel nigger
(71:59 / All) orcing2: how stupid do you think I am
(72:10 / All) EMMAWATSONUGLY: u arent in control fool
(72:11 / All) ltsChrisBaby: pretty stupid
(72:14 / All) EMMAWATSONUGLY: we have no reason to lie
(72:17 / All) ltsChrisBaby: but we're going to 1v1 you anyway
(72:37 / All) orcing2: all I see is liers and trolls
(74:20 / All) orcing2: ok I am gonna go play wow now. Have fun assholes
(74:25 / All) ltsChrisBaby: lol
(74:25 / All) EMMAWATSONUGLY: lawl
(74:27 / All) ltsChrisBaby: what server
(74:27 / All) EMMAWATSONUGLY: what realm
(74:28 / All) ltsChrisBaby: red plays wow
(74:37 / All) orcing2: why do you care
(74:39 / All) EMMAWATSONUGLY: i make rl money from wow
(74:47 / All) EMMAWATSONUGLY: ur supposed to duel blue
(74:48 / All) EMMAWATSONUGLY: fool
(74:51 / All) ltsChrisBaby: he can duel you in wow
(74:51 / All) EMMAWATSONUGLY: u gave us ur word
(74:54 / All) ltsChrisBaby: you said 1v1
(74:55 / All) orcing2: what is that to me?
(74:57 / All) ltsChrisBaby: so you two can 1v1 in wow
(74:59 / All) ltsChrisBaby: sound fair?
(75:05 / All) orcing2: well you trolls are taking forever
(75:11 / All) ltsChrisBaby: we're about done
(75:15 / All) ltsChrisBaby: give us just a minute more
(75:17 / All) THEPOUNDER.COM: breh u gotta 1v1 me
(75:30 / All) ltsChrisBaby: don't dodge blue
(75:48 / All) EMMAWATSONUGLY: teal if u dodge blue ill never ever forgive u
(76:02 / All) THEPOUNDER.COM: u will always be a pussy in my eyes
(76:07 / All) THEPOUNDER.COM: dont worry
(76:28 / All) ltsChrisBaby: MY STANDOFF
(76:29 / All) ltsChrisBaby: IS DONE
(76:39 / All) mattybatty: jesus what is this
(76:47 / All) THEPOUNDER.COM: lmao
(76:50 / All) ltsChrisBaby: SUBMIT YOUR TC FOR THE STANDOFF
(76:51 / All) ltsChrisBaby: BITCH
(77:02 / Allies) ltsChrisBaby: PEON SURROUND
(77:06 / Allies) ltsChrisBaby: nvm
(77:18 / All) orcing2: who can host?
(77:23 / All) ltsChrisBaby: blue can I think
(77:25 / All) ltsChrisBaby: if not I can
(77:38 / All) ltsChrisBaby: purps fucking tc needs to die
(77:43 / All) orcing2: ok end this and lets play
(77:46 / All) mattybatty: no be nice
(77:52 / All) ltsChrisBaby: ITS A STANDOFF YOU PRICK
(77:53 / All) orcing2: I am bored here
(77:56 / All) ltsChrisBaby: ALL UNITS NEED TO DIE
(78:02 / All) ltsChrisBaby: Teal
(78:04 / All) ltsChrisBaby: Calm down
(78:06 / All) ltsChrisBaby: 1v1 is very soon
(78:09 / All) ltsChrisBaby: Don't be a pussy and dodge
(78:12 / All) EMMAWATSONUGLY: dead tc
(78:28 / All) EMMAWATSONUGLY: standoff done m yside, no units or burrows
(78:40 / Allies) orcing2: what?
(78:48 / All) mattybatty: thats the island greeting that we send to you
(78:53 / All) mattybatty: from land where palm trees sway
(79:22 / Allies) orcing2: yeah BM vs friendly tc. How is that fair?
(80:52 / Allies) ltsChrisBaby: that fucker buying items from my shop
(81:00 / Allies) ltsChrisBaby: he has reincarnation
(81:05 / Allies) ltsChrisBaby: teal dont worry
(81:07 / Allies) ltsChrisBaby: 1v1 as soon as tc dies
(81:53 / Allies) orcing2: dies once
(82:02 / Allies) ltsChrisBaby: purple
(82:05 / Allies) ltsChrisBaby: just submit your fucking tc
(82:53 / Allies) ltsChrisBaby: use wind walk?
(82:59 / Allies) orcing2: very exciting chase. NOT.
(83:04 / All) EMMAWATSONUGLY: tis quiet
(83:08 / All) EMMAWATSONUGLY: wut u guys doing
(83:09 / All) EMMAWATSONUGLY: lawl
(83:10 / All) ltsChrisBaby: chode taking forever to kill the tc
(83:19 / All) ltsChrisBaby: he isn't using ww or anything
(83:24 / All) EMMAWATSONUGLY: u said it was done ur side so i assumed his hero was dead
(83:28 / All) ltsChrisBaby: or his bats
(83:44 / All) ltsChrisBaby: not sure chode is even here
(83:51 / Allies) orcing2: ok bye I ll come back before I go sleeping
(85:15 / All) mattybatty: thx for boots of speed :)
(86:48 / All) mattybatty: i wanna wish you a merry christmas
(86:53 / All) mattybatty: from the bottom of my heart
(86:55 / All) EMMAWATSONUGLY: thx
(87:13 / All) EMMAWATSONUGLY: im gonna watch rome message me on steam when game is over
(87:22 / All) ltsChrisBaby: this hero chase
(87:24 / All) ltsChrisBaby: will never be over
(87:25 / All) ltsChrisBaby: lawl
(87:27 / All) mattybatty: i listening to xmas music
(87:34 / All) ltsChrisBaby: wgat music purple
(87:35 / All) EMMAWATSONUGLY: drummer boy is best xmas song
(88:04 / All) mattybatty: Feliz navidad
(88:08 / All) THEPOUNDER.COM: taur runetotem has proven quite capable
(88:13 / All) mattybatty: prospero ano y felicidad
(89:12 / All) THEPOUNDER.COM: brb getting high
(89:37 / All) mattybatty: Hes making a list
(89:40 / All) mattybatty: hes checking it twice
(89:44 / Allies) mattybatty: santa claus
(89:46 / All) mattybatty: is coming to town
(89:49 / All) mattybatty: Santa claus is coming
(89:51 / All) mattybatty: to town
(90:41 / Allies) orcing2: get him while he is afk
(90:45 / Allies) orcing2: that would be funny
(90:51 / All) mattybatty: i dont tk
(91:56 / Allies) orcing2: so honorable
(92:01 / Allies) orcing2: real tauren
(92:11 / Allies) ltsChrisBaby: aye aye
(92:15 / All) mattybatty: i been on this stupid game since it came out lol
(92:21 / Allies) orcing2: my main wow toon is a tauren. I love those bulls :D
(92:46 / Allies) ltsChrisBaby: what server
(92:48 / All) THEPOUNDER.COM: turtle rock ok for this 1v1?
(92:49 / Allies) ltsChrisBaby: what's your battletag
(93:01 / All) ltsChrisBaby: can I obs?
(93:22 / All) THEPOUNDER.COM: yea obs welcum
(93:23 / Allies) orcing2: fine
(93:25 / Allies) orcing2: TR
(93:39 / All) ltsChrisBaby: want to leave and host it now?
(93:51 / All) THEPOUNDER.COM: yea i will go host
(93:55 / All) THEPOUNDER.COM: gn: doo doo butter
(93:59 / All) ltsChrisBaby: k
(94:01 / Allies) orcing2: go before my random heroic q pops